 Dungeon Crawl Stone Soup version 0.31-a0-164-g2312942fda (webtiles) character file.

Game seed: 562302737035892468

3843 rabbitsville the Cleaver (level 10, -10/94 HPs)
             Began as a Hill Orc Fighter on June 13, 2023.
             Was a Priest of Beogh.
             Killed from afar by an electric eel (13 damage)
             ... with a bolt of electricity
             ... on level 8 of the Dungeon.
             The game lasted 00:29:34 (6556 turns).

rabbitsville the Cleaver (Hill Orc Fighter)         Turns: 6556, Time: 00:29:35

Health: -10/94     AC: 15    Str: 24    XL:     10   Next: 18%
Magic:  10/10      EV: 13    Int:  8    God:    Beogh [***...]
Gold:   338        SH:  6    Dex: 10    Spells: 9/9 levels left

rFire   . . .        a - +0 war axe
rCold   . . .        c - +0 buckler
rNeg    . . .        q - +0 chain mail
rPois   .            w - +1 helmet {SInv}
rElec   .            (no cloak)
rCorr   .            (no gloves)
SInv    +            (no boots)
Will    .....        v - amulet of regeneration Stlth
                     e - +5 ring of evasion
HPRegen 1.15/turn    F - +4 ring of protection
MPRegen 0.12/turn

%: no passive effects
@: attractive
A: no striking features
a: Renounce Religion, Smiting


You were on level 8 of the Dungeon.
You worshipped Beogh.
Beogh was most pleased with you.
You visited 1 branch of the dungeon, and saw 8 of its levels.

You collected 398 gold pieces.
You spent 60 gold pieces at shops.

Inventory:

Hand Weapons
 a - a +0 war axe (weapon)
 d - a +0 battleaxe
Missiles
 h - 33 poisoned darts (quivered)
 y - 10 javelins
Armour
 b - a +0 scale mail
 c - a +0 buckler (worn)
 q - a +0 chain mail (worn)
 w - a +1 helmet of see invisible (worn)
Jewellery
 e - a +5 ring of evasion (left hand)
 j - a ring of ice
 v - an amulet of regeneration (around neck)
 x - the ring of Yhacocusch {rC+ Int+3 Dex+3 Slay-3}
   (You found it on level 4 of the Dungeon)

   [ring of protection from cold]

   Int:       It affects your intelligence (+3).
   Dex:       It affects your dexterity (+3).
   Slay:      It affects your accuracy & damage with ranged weapons and melee
   (-3).
   rC:        It protects you from cold.
 F - a +4 ring of protection (right hand)
 H - a ring of willpower
Wands
 p - a wand of iceblast (6)
 E - a wand of quicksilver (12)
 G - a wand of charming (31)
Scrolls
 k - 8 scrolls of identify
 l - a scroll of torment {unknown}
 m - 2 scrolls of enchant weapon {unknown}
 s - a scroll of poison {unknown}
 t - 5 scrolls of teleportation
 u - a scroll of fear {unknown}
 D - a scroll of immolation {unknown}
 J - 2 scrolls of blinking {unknown}
Potions
 f - a potion of attraction
 g - 2 potions of lignification {unknown}
 i - a potion of heal wounds
 n - 2 potions of invisibility {unknown}
 o - 3 potions of curing {unknown}
 r - 2 potions of degeneration {unknown}
 z - 3 potions of berserk rage {unknown}
 A - a potion of resistance {unknown}
 B - a potion of enlightenment {unknown}
 C - a potion of haste {unknown}
 I - 2 potions of magic {unknown}
 K - a potion of cancellation {unknown}


   Skills:
 + Level 10.7 Fighting
 + Level 11.1 Axes
 - Level 3.2 Armour
 + Level 9.6 Shields


You had 9 spell levels left.
You didn't know any spells.
Your spell library contained the following spells:

 Spells                   Type           Power      Damage    Failure   Level
 Ensorcelled Hibernation  Hex/Ice        0%         N/A       99%         2
 Passwall                 Tmut/Erth      0%         N/A       99%         2
 Inner Flame              Hex/Fire       0%         N/A       100%        3
 Swiftness                Air            0%         N/A       100%        3
 Passage of Golubria      Tloc           0%         N/A       100%        4
 Silence                  Hex/Air        0%         N/A       100%        5
 Yara's Violent Unravell  Hex/Tmut       0%         3d3       100%        5
 Simulacrum               Ice/Necr       0%         N/A       100%        6
 Enfeeble                 Hex            0%         N/A       100%        7
 Ozocubu's Refrigeration  Ice            0%         4d7       100%        7
 Lehudib's Crystal Spear  Conj/Erth      0%         10d2      100%        8
 Polar Vortex             Ice            0%         N/A       100%        9


Dungeon Overview and Level Annotations

Branches:
Dungeon (8/15)             Temple (0/1) D:6            Lair (0/5) D:8

Altars:
Qazlal
Sif Muna
Vehumet
Xom
The Shining One

Shops:
D:3 ?

Annotations:
D:5 exclusions: bush, centaur and 3 more exclusions


Message History

* * * LOW HITPOINT WARNING * * *
The electric eel is attracted toward you. x2
You feel much better.
The electric eel shoots out a bolt of lightning at you!
The bolt of electricity hits you!
The electric eel shoots out a bolt of lightning at you!
The bolt of electricity hits you.
The electric eel shoots out a bolt of lightning at you!
The bolt of electricity hits you.
The electric eel shoots out a bolt of lightning at you!
The bolt of electricity hits you.
* * * LOW HITPOINT WARNING * * *
The electric eel shoots out a bolt of lightning at you!
The bolt of electricity hits the electric eel.
The electric eel completely resists.
The bolt of electricity hits you.
* * * LOW HITPOINT WARNING * * *
The electric eel shoots out a bolt of lightning at you!
The bolt of electricity hits you.
* * * LOW HITPOINT WARNING * * *
The electric eel is attracted toward you.
You feel much better.
The electric eel shoots out a bolt of lightning at you!
The bolt of electricity hits you!
The electric eel shoots out a bolt of lightning at you!
The bolt of electricity hits you!
* * * LOW HITPOINT WARNING * * *
The electric eel shoots out a bolt of lightning at you!
The bolt of electricity hits you.
* * * LOW HITPOINT WARNING * * *
The bolt of electricity hits you!
* * * LOW HITPOINT WARNING * * *
The electric eel shoots out a bolt of lightning at you!
The bolt of electricity misses you.
The electric eel shoots out a bolt of lightning at you!
The bolt of electricity hits you but does no damage.
The bolt of electricity hits you!
* * * LOW HITPOINT WARNING * * *
The electric eel shoots out a bolt of lightning at you!
The bolt of electricity hits you!
You die...

#~~≈≈≈~~~~≈≈~........
###..~≈≈≈≈~≈≈~~......(.
#...~.~≈≈~§.~.~~~..^≈..
#....≈~≈SS~~.≈..~..^###
#....~~≈...S.~..~....##
#.~..............^##.
#.................^^≈
######..###..........
#@..###...........
#.### #..........>
#.#####..........#
#.)..............#
#..####..........# #..#
##.......... ####
#..........#
#..........#
#..........#


You could see an electric eel.

Vanquished Creatures
  A troll (D:8)
  3 yaks (D:8)
  2 water moccasins
  An orc warrior (D:8)
  A sky beast (D:6)
  3 ogres
  2 black bears
  5 wolves (D:8)
  A kobold brigand (D:7)
  2 bullfrogs (D:7)
  A gnoll sergeant (D:7)
  6 scorpions
  10 wights
  2 howler monkeys (D:8)
  4 hounds
  2 jellies
  A sleepcap (D:7)
  A gnoll bouda (D:5)
  3 iguanas
  7 orc wizards
  9 adders
  10 gnolls
  An ufetubus (D:6)
  2 worms
  5 dart slugs
  19 orcs
  9 endoplasms
  2 giant cockroaches
  4 goblins
  8 hobgoblins
  2 quokkas
  3 ball pythons
  2 bats
  10 frilled lizards
  17 kobolds
  A rat (D:3)
162 creatures vanquished.

Vanquished Creatures (collateral kills)
  2 orcs (D:8)
2 creatures vanquished.

Vanquished Creatures (others)
  An orc priest (D:3)
  6 orcs
  A kobold (D:3)
8 creatures vanquished.

Grand Total: 172 creatures vanquished

Notes
Turn   | Place    | Note
-------+----------+-------------------------------------------
     0 | D:1      | rabbitsville the Hill Orc Fighter began the quest for the
                  | Orb.
     0 | D:1      | Reached XP level 1. HP: 19/19 MP: 1/1
   388 | D:1      | Reached skill level 3 in Axes
   388 | D:1      | Reached XP level 2. HP: 25/27 MP: 2/2
   814 | D:2      | Reached XP level 3. HP: 33/33 MP: 3/3
  1426 | D:3      | Found a large runed translucent door.
  1426 | D:3      | Found a large runed translucent door.
  1426 | D:3      | Found a shimmering altar of Xom.
  1444 | D:3      | Found Ysurch's Magic Scroll Emporium.
  1457 | D:3      | Bought a scroll of teleportation for 36 gold pieces
  1457 | D:3      | Bought a scroll of identify for 24 gold pieces
  1535 | D:3      | Reached XP level 4. HP: 25/41 MP: 4/4
  1617 | D:3      | Reached skill level 4 in Axes
  1920 | D:3      | Became a worshipper of Beogh the Brigand
  1989 | D:3      | Reached XP level 5. HP: 47/47 MP: 5/5
  2433 | D:3      | Reached skill level 5 in Fighting
  2499 | D:4      | Noticed a black bear
  2598 | D:4      | Identified the ring of Yhacocusch {rC+ Int+3 Dex+3 Slay-3}
  2774 | D:4      | Reached * piety under Beogh
  2802 | D:4      | Noticed an ogre
  2822 | D:4      | Killed an ogre
  2823 | D:4      | Reached skill level 5 in Axes
  2823 | D:4      | Reached skill level 5 in Shields
  2823 | D:4      | Reached XP level 6. HP: 56/56 MP: 6/6
  2841 | D:4      | Found a radiant altar of Vehumet.
  2875 | D:4      | Killed a black bear
  3133 | D:4      | Reached skill level 6 in Axes
  3133 | D:4      | Reached XP level 7. HP: 49/63 MP: 7/7
  3240 | D:5      | Entered Level 5 of the Dungeon
  3646 | D:5      | Reached ** piety under Beogh
  3647 | D:5      | Reached skill level 7 in Axes
  3668 | D:5      | Reached XP level 8. HP: 73/73 MP: 8/8
  4211 | D:6      | Found a shimmering blue altar of Sif Muna.
  4278 | D:6      | Found a staircase to the Ecumenical Temple.
  5120 | D:7      | Reached skill level 8 in Axes
  5258 | D:7      | Reached XP level 9. HP: 65/82 MP: 9/9
  5325 | D:7      | Reached skill level 9 in Axes
  5326 | D:7      | Reached *** piety under Beogh
  5512 | D:7      | Found a glowing golden altar of the Shining One.
  5741 | D:8      | Found a shimmering altar of Xom.
  5786 | D:8      | Found a stormy altar of Qazlal.
  5892 | D:8      | Noticed a troll
  5922 | D:8      | Reached skill level 10 in Axes
  5937 | D:8      | Reached skill level 10 in Fighting
  5984 | D:8      | Reached XP level 10. HP: 36/94 MP: 10/10
  5996 | D:8      | Upgraded the game from 0.31-a0-161-gb58dd9be76 to
                  | 0.31-a0-164-g2312942fda
  6434 | D:8      | Reached skill level 11 in Axes
  6546 | D:8      | Found a staircase to the Lair.
  6555 | D:8      | HP: 2/94 [electric eel/bolt of electricity (10)]
  6556 | D:8      | Killed from afar by an electric eel

Illustrated notes

Levels and vault maps discovered:
D:1:      lemuel_arrival_hallway, layout_loops_ring, minmay_ruptured
D:2:      layout_loops_ring
D:3:      due_chaos_kobolds, layout_basic, serial_shops, shop_fountains
D:4:      layout_basic, mainiacjoe_overflow_24_doors, wad_rectangle_vault
D:5:      layout_cave_pods, serial_bayou_pond_e, kb_lookout_dungeons_type,
          minmay_lizard_king
D:6:      layout_basic, old_standard_altar, minmay_temple_entry_mist
D:7:      layout_rooms, nicolae_overflow_hidden_temple,
          corexii_item_surrounded_by_moat
D:8:      layout_rooms, lemuel_coloured_pillars_altar, grunt_qazlal_sundering,
          erik_lair_island, minmay_misc_feat_plants, eino_curves_04

Skill      XL: |  1  2  3  4  5  6  7  8  9 10 |
---------------+-------------------------------+-----
Axes           | 3 4 5 6 7 8 10 11 | 11.1
Fighting       | 4 5 6 7 8 10 | 10.7
Shields        | 4 5 6 7 9 |  9.6
Armour         | |  3.2

Action                     |  1- 3 |  4- 6 |  7- 9 | 10-12 || total
---------------------------+-------+-------+-------+-------++-------
  Melee: War axe           |    89 |   158 |   355 |    53 ||   655
  Throw: Dart              |       |    12 |     1 |       ||    13
 Invoke: Convert to Beogh  |       |     1 |       |       ||     1
    Use: Potion            |       |       |     1 |     4 ||     5
 Armour: Scale mail        |     9 |       |       |       ||     9
         Chain mail        |     6 |    64 |   129 |    17 ||   216
  Dodge: Dodged            |    69 |    58 |   198 |    33 ||   358
  Block: Buckler           |    22 |    17 |    85 |    18 ||   142

Table legend: (Time is in decaauts)
 A = Elapsed time spent in this place.
 B = Non-inter-level travel time spent in this place.
 C = Inter-level travel time spent in this place.
 D = Time resting spent in this place.
 E = Time spent auto-exploring this place.
 F = Levels seen in this place.
 G = Mean time per level.
                   A        B        C        D        E       F      G
               +--------+--------+--------+--------+--------+-----+--------+
         Total |   6669 |   6361 |    308 |     61 |   3548 |   8 |  833.6 |
       Dungeon |   6669 |   6361 |    308 |     61 |   3548 |   8 |  833.6 |
               +--------+--------+--------+--------+--------+-----+--------+

Top non-repeatable levels by time:
     D:3: 1273 daAuts
     D:5: 985 daAuts
     D:6: 905 daAuts
     D:8: 902 daAuts
     D:4: 722 daAuts
     D:2: 677 daAuts
     D:1: 635 daAuts
     D:7: 567 daAuts
